[Event "CCT Airthings Masters Play-In 2023"]
[Site "Online"]
[Date "2023.02.03"]
[Round "2"]
[White "DeviatkinAndrey"]
[Black "spicycaterpillar"]
[Result "0-1"]
[ECO "E14"]
[WhiteElo "2200"]
[BlackElo "2572"]
[Annotator "TA"]
[PlyCount "196"]
[EventDate "2023.02.03"]
[EventType "swiss"]
[EventCountry "NET"]
[SourceTitle "playchess.com"]
[Source "ChessBase"]
[SourceQuality "1"]
[TimeControl "600+2"]

1. d4 Nf6 2. Nf3 d5 3. c4 e6 4. e3 b6 5. b3 Bb7 6. Bb2 Nbd7 7. Nbd2 Bd6 8. Bd3 O-O 9. O-O Ne4 {[%emt 0:00:19] 9...Qe7 is the modern continuation.} 10. Qe2 {[%emt 0:00:18] E14: Queen's Indian: Classical Variation (4 e3).} a6 11. Rac1 Qe7 12. Rfd1 {[%emt 0:00:17] The position is equal.} Rfd8 13. Ne5 Nxd2 14. Rxd2 {[%emt 0:00:03] [#]} c5 $146 (14... Nxe5 $142 15. dxe5 Bb4) ({Predecessor:} 14... Nxe5 15. dxe5 Ba3 16. cxd5 Bxb2 17. Rxb2 exd5 18. Qc2 Qxe5 19. Rbb1 c5 20. b4 c4 21. Bxh7+ {½-½ Jogstad,M (2322)-Crevatin,L (2221) SWE-chT 1920 Elite 2019 (9.2)}) 15. cxd5 exd5 16. Nxd7 (16. Qh5 g6 17. Qg4 (17. Qh6 Nxe5 18. dxe5 Bxe5 $17) 17... Nxe5 18. dxe5 Bxe5 19. Bxe5 Qxe5 $17) 16... Rxd7 17. dxc5 bxc5 18. Qg4 (18. Qh5 $5 g6 19. Qh6 $14) 18... g6 {[%emt 0:00:12] [#]} 19. Bf6 $1 {[%emt 0:02:23][%mdl 64] Repels h5. Deflection} Qe6 20. Qh4 Rc7 21. Be2 Be5 22. Bxe5 Qxe5 23. Bf3 (23. Rdc2 $5 ) 23... Rac8 24. Qg3 Qxg3 25. hxg3 c4 26. Rc3 cxb3 27. Rxb3 Rc1+ 28. Kh2 Bc6 29. g4 (29. Bxd5 Bxd5 30. Rxd5 R1c2 $11) 29... Kg7 30. Kg3 Rc5 31. Rbd3 Rd8 $1 32. Rd4 Rd7 33. g5 (33. Bd1 $5 ) 33... h6 34. gxh6+ Kxh6 35. Kf4 Kg7 36. g4 Kf6 37. g5+ Ke7 38. a3 a5 39. Rd1 (39. Ke5 $14 {might be stronger.}) 39... Rc3 40. R1d3 Rc2 41. Kg3 Rc5 42. Rh4 Bb5 43. Rdd4 Bc4 44. Rh7 Kf8 45. Rh8+ Ke7 $1 46. Rf4 d4 47. Bg4 $2 {[%emt 0:00:44] Prevents d3.} (47. Rxd4 $11 {and White has nothing to worry.} Rxd4 48. exd4 Rxg5+ 49. Kf4 Rf5+ 50. Kg3) 47... Be6 $2 ({Black should try} 47... Rxg5 $19 {Threatens to win with ...Be6.} 48. Kf3 f5) 48. Bxe6 $11 (48. exd4 $2 {perishes.} Rxg5 49. Kh4 Rxg4+ 50. Rxg4 Bxg4 51. Kxg4 Rxd4+ 52. Kg5 Rd5+ 53. Kg4 Rd3 $19) 48... Kxe6 {[%emt 0:00:00][%mdl 4096] Endgame KRR-KRR} (48... fxe6 $11 49. Rh7+ (49. exd4 Rxg5+ 50. Kf3 Rh5 $11) 49... Ke8 50. Rxd7 Rxg5+ 51. Kh4 Rh5+ 52. Kg4 Kxd7 53. Rxd4+ Kc6) 49. Re4+ $2 ({Not} 49. exd4 Rxg5+ 50. Kf3 Rb7 $11) (49. Re8+ $18 Kd6 50. Rxd4+ (50. exd4 Rxg5+ 51. Kf3 Rh5 $11) 50... Kc6 51. Rc8+ Rc7 52. Rxc7+ Kxc7 53. Kg4) 49... Kf5 50. Rxd4 Rxd4 51. exd4 {[%emt 0:00:00] KR-KR} Rc3+ 52. f3 Kxg5 53. Re8 Rxa3 {[%emt 0:00:02] Threatening ...Kf5.} 54. d5 $1 Kf6 55. d6 {[%emt 0:00:01] Threatening mate with d7.} Rd3 56. Ra8 Rd5 (56... Rxd6 {simplifies} 57. Rxa5 Rd3 58. Kg4 Kg7) 57. d7 {[%emt 0:00:03][%mdl 64] Deflection} Rxd7 58. Rxa5 Rd4 59. Rb5 Kg7 60. Ra5 Rc4 61. Rb5 Kh6 62. Ra5 g5 63. Rb5 Kg6 64. Ra5 $1 Rc3 65. Ra8 f6 66. Rb8 Ra3 67. Rc8 Ra4 68. Rb8 Ra5 69. Rc8 Kf5 70. Rb8 Rc5 71. Ra8 Ke5 72. Re8+ Kf5 73. Ra8 Rc1 74. Ra5+ Kg6 75. Ra8 Rd1 76. Rb8 Rd2 77. Ra8 Rb2 78. Rc8 f5 79. Rg8+ Kh6 80. Rh8+ Kg7 81. Ra8 Rb3 {[%emt 0:00:02] ...g4 would be deadly.} 82. Kg2 f4 83. Ra6 Kf7 84. Rc6 $1 Ra3 85. Rb6 Re3 86. Ra6 Re6 87. Ra5 Kg6 88. Rb5 $1 Re2+ 89. Kh3 Rf2 (89... Re1 $5 90. Kg2 Ra1 $15) 90. Rb3 Kh5 91. Ra3 Re2 {[%emt 0:00:08] aiming for ...Re3.} 92. Rb3 $2 (92. Ra8 $11) 92... Re3 {[%emt 0:00:04] Black mates.} 93. Rxe3 fxe3 {[%emt 0:00:00] KPP-KP} 94. Kg3 Kg6 ({Weaker is} 94... e2 95. Kf2 $11) 95. Kg2 Kf5 96. Kf1 {[%emt 0:00:02] [#]} Ke5 $1 97. Ke1 {[%emt 0:00:01] [#]} Kd5 $1 98. Kf1 Kc4 {[%emt 0:00:01] Weighted Error Value: White=0.17 (very precise) /Black=0.18 (very precise)} 0-1

[Event "CCT Airthings Masters Play-In 2023"]
[Site "Online"]
[Date "2023.02.03"]
[Round "2"]
[White "Ginger_GM"]
[Black "Perez Ponsa, Federico"]
[Result "0-1"]
[ECO "D00"]
[WhiteElo "2110"]
[BlackElo "2532"]
[Annotator "TA"]
[PlyCount "70"]
[EventDate "2023.02.03"]
[EventType "swiss"]
[EventCountry "NET"]
[SourceTitle "playchess.com"]
[Source "ChessBase"]
[SourceQuality "1"]
[TimeControl "600+2"]

1. d4 Nf6 2. Nc3 d5 3. Bf4 c5 4. e4 Nxe4 5. Nxe4 dxe4 6. dxc5 {[%emt 0:00:05] D00: 1 d4 d5: Unusual lines.} Qa5+ (6... Qxd1+ {simplifies} 7. Rxd1 Nc6 8. Be3 g6) 7. c3 Qxc5 8. Qa4+ {[%emt 0:00:02] The position is equal.} Nc6 9. Qxe4 g6 10. Qe3 e5 11. Nf3 (11. Qxc5 {simplifies} Bxc5 12. Bh6 Bf8 13. Bxf8 Kxf8 14. Bc4) 11... f6 {[%emt 0:00:25] [#]} 12. Nd2 $146 ({Predecessor:} 12. Qxc5 Bxc5 13. Bh6 Kf7 14. Bb5 Be6 15. Be3 Bxe3 16. fxe3 Na5 17. O-O-O Ke7 18. b3 {½-½ Wu,D (2281)-Aveskulov,V (2534) Budapest FS08 GM 2022 (7)}) 12... Be6 13. Nb3 {[%emt 0:00:29] Prevents Qa5} Qb6 (13... Qd5 $5 14. Bg3 Rd8 $15) 14. Bh6 (14. Qe2 $15) 14... Bxh6 $17 15. Qxh6 Bxb3 16. axb3 Qxb3 17. Bd3 {[%emt 0:00:30] [#] Bxg6+ would be deadly.} O-O-O (17... Qxb2 $2 18. O-O Rd8 19. Qg7 $18) 18. Be4 Qc4 ({But not} 18... Qxb2 $6 19. O-O Qb6 20. Qg7 $11) 19. Qe3 a6 20. Bxc6 Qxc6 21. O-O Rd6 22. Qa7 Rhd8 23. Ra5 {[%emt 0:00:05] aiming for Rc5.} Qb6 24. Rc5+ Kd7 25. Qxb6 Rxb6 $19 {[%emt 0:00:00][%mdl 4096] Endgame KRR-KRR} 26. b4 Rc6 {[%emt 0:00:11] Threatens to win with ...Rxc5.} 27. Rd1+ (27. Rd5+ $142 Rd6 28. Rxd6+ Kxd6 29. Rd1+ Ke7 30. Rxd8 Kxd8 31. Kf1) 27... Kc7 28. Rxd8 (28. Rxc6+ bxc6 29. Ra1) 28... Kxd8 29. Rxc6 (29. Rd5+ Kc7 30. f4) 29... bxc6 {[%emt 0:00:01] KP-KP. Black is clearly winning.} 30. f3 Kd7 {[%emt 0:00:08][%cal Oc6c5] And now ...c5! would win.} 31. Kf2 {[%emt 0:00:02] [#]} c5 $1 32. Ke3 (32. b5 axb5) 32... Kc6 33. Kd3 cxb4 34. cxb4 Kb5 35. Kc3 f5 {[%emt 0:00:00] Weighted Error Value: White=0.74/Black=0.02 (flawless)} 0-1

[Event "CCT Airthings Masters Play-In 2023"]
[Site "Online"]
[Date "2023.02.03"]
[Round "2"]
[White "Cueva Jumbo, Eduardo"]
[Black "DJ_Haubi"]
[Result "1-0"]
[ECO "E69"]
[WhiteElo "1954"]
[BlackElo "2265"]
[Annotator "TA"]
[PlyCount "61"]
[EventDate "2023.02.03"]
[EventType "swiss"]
[EventCountry "NET"]
[SourceTitle "playchess.com"]
[Source "ChessBase"]
[SourceQuality "1"]
[TimeControl "600+2"]

1. c4 g6 2. g3 Bg7 3. Bg2 Nf6 4. Nf3 O-O 5. d4 c6 6. O-O d6 7. Nc3 Qa5 8. h3 e5 9. e4 Re8 10. Be3 Nbd7 11. Qc2 exd4 {[%emt 0:00:09] E69: King's Indian: Fianchetto: 6...Nbd7 7 0-0 e5 8 e4 c6 9 h3.} 12. Nxd4 Ne5 13. b3 a6 {[%emt 0:00:23] White is better.} 14. Rad1 c5 (14... Ned7 $16 {was necessary.}) 15. Nde2 $18 Qc7 {[%emt 0:00:12] [#]} 16. Bg5 $146 ({Predecessor:} 16. f4 Nc6 17. Qd2 Bf8 18. f5 Bg7 19. g4 Ne5 20. Bh6 Bxh6 21. Qxh6 Qe7 22. g5 {1-0 Georgiev,K (2657)-Vutov,M (2362) BUL-ch 77th Bankia 2013 (9)}) 16... h6 17. Bxf6 Bxf6 18. Qd2 Bxh3 19. Qxh6 (19. Nd5 $142 Qd8 20. Qxh6 (20. Bxh3 $2 {perishes.} Nf3+ {[%mdl 64] Discovered Attack, Double Attack} 21. Kg2 Nxd2 $19) (20. Nxf6+ Qxf6 21. f4 Nxc4 $16)) 19... Bxg2 $16 20. Kxg2 (20. Nd5 {feels hotter.} Qd8 21. Kxg2 Bg7 22. Qh3) 20... Bg7 {[%emt 0:00:02] Dodges Nd5} 21. Qh3 {[%emt 0:00:08] aiming for f4.} Rad8 (21... Nd7 $16 {might work better.}) 22. Rh1 ({Better is} 22. f4 $1 $18 Nc6 23. f5 (23. Rh1 Qe7 $16)) 22... Qd7 23. Qh7+ $1 Kf8 24. f3 {[%emt 0:01:10] White is more active.} Nc6 25. Nd5 Nd4 $2 {[%emt 0:00:11] [#] This move loses the game for Black.} (25... Ne7 $16) 26. Nef4 $1 $18 Re5 27. Rh6 {[%emt 0:00:18][%cal Od1h1][%mdl 64] Threatens to win with Rdh1! Deflection, Back Rank} Ne6 $2 {[%emt 0:00:41] [#]} (27... Rxd5 28. Nxd5 Ne6) 28. Rxg6 $1 {[%emt 0:01:40][%mdl 576] Demolition. White is clearly winning.} fxg6 (28... Nxf4+ 29. Nxf4) 29. Nxg6+ {[%emt 0:00:04] Excellent horsemanship.} Kf7 30. Nxe5+ dxe5 31. Qf5+ {[%emt 0:00:00] Excellently played by Cueva Jumbo!   Weighted Error Value: White=0.10 (very precise) /Black=0.37} 1-0

[Event "CCT Airthings Masters Play-In 2023"]
[Site "Online"]
[Date "2023.02.03"]
[Round "2"]
[White "Arhimow, Mohamed Salem"]
[Black "penguingm1"]
[Result "1-0"]
[ECO "D35"]
[WhiteElo "1567"]
[BlackElo "2444"]
[Annotator "TA"]
[PlyCount "121"]
[EventDate "2023.02.03"]
[EventType "swiss"]
[EventCountry "NET"]
[SourceTitle "playchess.com"]
[Source "ChessBase"]
[SourceQuality "1"]
[TimeControl "600+2"]

1. d4 d5 2. c4 e6 3. Nc3 Be7 4. cxd5 exd5 5. Bf4 c6 6. e3 Bf5 7. Bd3 Bxd3 8. Qxd3 Nf6 9. Nf3 Nh5 {[%emt 0:00:12] D35: Queen's Gambit Declined: Exchange Variation.} 10. O-O Nd7 11. Rfe1 O-O {[%emt 0:00:04] [#] The position is equal.} 12. h3 $146 ({Predecessor:} 12. Qf5 g6 13. Qh3 Re8 14. g4 Nxf4 15. exf4 Bd6 16. Ne5 f6 17. Nf7 Qc7 18. Nxd6 Qxd6 {½-½ Tillmann,M (2098)-Stanetzek,C (2164) NRW Class2 1516 2015 (4.5)}) 12... Nxf4 13. exf4 Re8 14. g3 Nf6 15. Re3 Bb4 16. Ne5 Bxc3 17. bxc3 Ne4 18. c4 Re7 19. Rb1 Qa5 20. Rb2 f6 21. Nf3 Rae8 22. Rbe2 (22. c5 $5 ) 22... Kf7 (22... dxc4 {is more complex.} 23. Qxc4+ Kf8 24. Kg2 Qd5) 23. cxd5 Qxd5 24. Ne5+ fxe5 25. Rxe4 (25. Qxe4 $2 {perishes.} Qxe4 26. Rxe4 exd4 $19) (25. fxe5 $5 Nxg3 26. fxg3 $11) 25... exf4 26. Rxf4+ {[%emt 0:00:24][%mdl 64] Discovered Attack} Kg8 27. Rxe7 Rxe7 28. Qf3 Qxf3 (28... Qxa2 $2 29. Rf8#) 29. Rxf3 $11 {[%emt 0:00:00][%mdl 4096] Endgame KR-KR} Rd7 30. Rf4 h6 31. h4 Rd5 32. a3 g5 33. hxg5 hxg5 34. Re4 Kf7 {[%emt 0:00:00] Dodges Re7+} 35. Kg2 Ra5 36. Re3 Kf6 37. Rb3 (37. g4 $11 {remains equal.}) 37... b5 (37... Rb5 $1 $17 38. Re3 a5) 38. Rc3 Ra6 39. Kf3 Kf5 40. Rc5+ Ke6 41. Ke4 Kd6 42. Rxg5 Rxa3 43. Rg6+ Kc7 44. f4 b4 45. f5 b3 46. Rg7+ Kd6 47. Rg6+ (47. Rb7 $5 ) 47... Kd7 {[%emt 0:00:04] aiming for ...b2.} 48. Rg7+ Kd6 49. Rb7 Ra1 $2 (49... a5 $1 $14) 50. Rxb3 $18 Re1+ $2 (50... a5 51. Rf3 Ke7) 51. Re3 Rd1 52. g4 a5 53. g5 Rg1 54. Kf4 {[%emt 0:00:08] Black must now prevent f6.} a4 55. Ra3 Kd5 56. g6 {[%emt 0:00:07] Strongly threatening Rg3.} Rf1+ 57. Kg5 Ke4 58. f6 (58. g7 $142 Rg1+ 59. Kf6 Rxg7 60. Kxg7 Kxf5 61. Kf7 Ke4 62. Rxa4 Kf5 63. Ke7) 58... Rf5+ {[%emt 0:00:04] [#]} 59. Kh6 $2 (59. Kh4 $1 $18 {Intending g7 and mate.} Rxf6 60. Kg5 (60. Rxa4 Rxg6 61. Rc4 Kd3 $15) 60... Rf5+ 61. Kh6) 59... Rxf6 $16 {[%emt 0:00:01] [#]} 60. Rxa4 (60. Kg7 $1 $16 Rd6 61. Rxa4) 60... Rf4 {[%emt 0:00:04][%mdl 8192] [#]} (60... c5 $11) 61. d5+ $1 {[%emt 0:00:02][%mdl 512] Weighted Error Value: White=0.21 (precise) /Black=0.29 (precise)} 1-0

[Event "CCT Airthings Masters Play-In 2023"]
[Site "Online"]
[Date "2023.02.03"]
[Round "3"]
[White "Nepomniachtchi, Ian"]
[Black "AlexanderL"]
[Result "1-0"]
[ECO "C42"]
[WhiteElo "2793"]
[BlackElo "2615"]
[Annotator "TA"]
[PlyCount "117"]
[EventDate "2023.02.03"]
[EventType "swiss"]
[EventCountry "NET"]
[SourceTitle "playchess.com"]
[Source "ChessBase"]
[SourceQuality "1"]
[TimeControl "600+2"]

1. e4 e5 2. Nf3 Nf6 3. Nxe5 d6 4. Nf3 Nxe4 5. d4 d5 6. Bd3 Be7 7. O-O Nc6 8. Nbd2 Nd6 {[%emt 0:00:07] 8...Bf5 is the modern continuation. C42: Petroff Defence: 3 Nxe5 and unusual White 3rd moves.} 9. c3 Bf5 10. Bxf5 Nxf5 {[%emt 0:00:01] The position is equal.} 11. Qb3 b6 12. Re1 O-O 13. Ne5 Nb8 14. Ndf3 {[%emt 0:00:11] [#]} Nh4 $146 ({Predecessor:} 14... f6 15. Nd3 c6 16. c4 dxc4 17. Qxc4+ Rf7 18. Bf4 Qd5 19. Qxd5 cxd5 20. g4 Nd6 21. Rxe7 Rxe7 22. Bxd6 {1-0 Alonso Arburu,J-Moreno Aguilera,A ESP-Cup2 2/4 corr 1984}) 15. Nxh4 Bxh4 16. Bf4 c6 17. c4 Bf6 18. Rac1 Bxe5 19. dxe5 (19. Rxe5 Nd7 $14) 19... Nd7 (19... Na6 $1 $14) 20. cxd5 $16 Nc5 {[%emt 0:00:35] [#]} 21. Rxc5 bxc5 {[%emt 0:00:00] [#] Black is weak on the dark squares} 22. d6 (22. dxc6 $6 Qa5 23. Rd1 Rad8 $11) 22... Qd7 23. Qc3 {[%emt 0:00:24] White has more active pieces. The black rooks are badly placed.} ({Better is} 23. Qc2 $16) 23... Rab8 (23... Qe6 $14) 24. Be3 {[%emt 0:00:11][%cal Bf4e3,Be3d4,Bd4c3][%mdl 1056] White has strong compensation.} (24. Qxc5 $6 Rxb2 25. a3 Rfb8 $11) 24... c4 25. Bd4 (25. Qxc4 Rxb2 26. h3 a5 $14) 25... Qe6 26. Qg3 Rb5 27. h3 ({Inferior is} 27. Bxa7 Rxb2 28. Bd4 Rxa2 $17) 27... Rd5 28. Bc3 ({But not} 28. Bxa7 $6 Re8 $11) 28... Rd3 29. Qf4 h6 30. Re4 g5 31. Qg4 f5 32. exf6 Qxg4 33. hxg4 (33. Rxg4 {with more complications.} Kf7 34. h4 Kg6 35. hxg5 Rd1+ 36. Kh2) 33... Rxd6 34. Rxc4 $14 {[%emt 0:00:01][%mdl 4096] Endgame KRR-KRB} Re8 35. Ra4 Rd7 36. f3 (36. Ra6 $5 ) 36... Re2 37. Rc4 Rd1+ 38. Kh2 Rf1 39. Rxc6 Rxf3 40. Rc8+ Kf7 41. Rc7+ Ke8 42. Rxa7 Rff2 43. Bd4 Rf4 (43... Rxg2+ $2 44. Kh3 Rc2 45. f7+ Kf8 46. b4 $18 (46. Bc5+ Rxc5 47. Kxg2 Rc4 $18)) 44. Ra8+ Kf7 45. Ra7+ Ke8 46. Bc3 Rff2 47. f7+ Rxf7 48. Rxf7 (48. Ra8+ $11 Kd7 49. Ra7+ Ke8 50. Ra8+ Kd7 51. Ra7+ Ke8) 48... Kxf7 $11 {[%emt 0:00:01] KR-KB} 49. a4 Re4 50. a5 Rxg4 {[%emt 0:00:23] White should prevent ...Ra4.} (50... Ke6 $5 51. Kh3 Ra4 $15) 51. b3 {[%emt 0:00:01][%cal Bb2b3,Bb3b4,Bb4b5,Bb5b6,Bb6b7][%mdl 32] Repels Ra4. a6 would be deadly.} Re4 {[%emt 0:00:35] White must now prevent ...Re3.} 52. a6 Re2 (52... Re6 $5 53. a7 $8 Ra6 $11) 53. b4 {[%emt 0:00:13] Threatens to win with b5.} Ra2 54. b5 {[%emt 0:00:01] Strongly threatening Bd4.} Ke6 55. Bd4 {[%emt 0:00:03] And now b6 would win.} Kd7 $1 56. Kg3 h5 57. Kf3 Kc7 $2 (57... Kc8 $11 58. Bf6 Ra3+ 59. Ke4 Ra5 60. Bxg5 Rxb5) 58. b6+ Kd7 59. b7 {[%emt 0:00:02] Weighted Error Value: White=0.09 (flawless) /Black=0.19 (very precise)} 1-0

[Event "CCT Airthings Masters Play-In 2023"]
[Site "Online"]
[Date "2023.02.03"]
[Round "3"]
[White "GMSrinath"]
[Black "Cardoso Cardoso, Jose Gabriel"]
[Result "1/2-1/2"]
[ECO "D02"]
[WhiteElo "2791"]
[BlackElo "2498"]
[Annotator "TA"]
[PlyCount "34"]
[EventDate "2023.02.03"]
[EventType "swiss"]
[EventCountry "NET"]
[SourceTitle "playchess.com"]
[Source "ChessBase"]
[SourceQuality "1"]
[TimeControl "600+2"]

1. Nf3 d5 2. d4 Nf6 3. Bf4 c5 4. e3 Nc6 5. Nbd2 Bg4 6. h3 {[%emt 0:00:05] D02: 1 d4 d5 2 Nf3 sidelines, including 2...Nf6 3 g3 and 2...Nf6 3 Bf4.} Bxf3 7. Nxf3 e6 8. Be2 Bd6 {[%emt 0:00:06] [#]} 9. Bxd6 $146 ({Predecessor:} 9. dxc5 Bxf4 10. exf4 Qa5+ 11. c3 Qxc5 12. Bd3 O-O 13. O-O Qd6 14. g3 Rfe8 15. Re1 {½-½ Aronian,L (2781)-Firouzja,A (2759) Carlsen Inv Prelim rapid 2021 (12)}) 9... Qxd6 10. O-O O-O 11. Qc1 Rac8 12. c4 dxc4 13. dxc5 {[%emt 0:00:03] The position is equal.} Qxc5 14. Qxc4 Qxc4 15. Bxc4 Nd4 {[%emt 0:00:13][%mdl 64] [#] ...Nxf3+ would be deadly. Discovered Attack} 16. Nxd4 Rxc4 17. Rfd1 a6 {[%emt 0:01:00] An uneventful encounter.   Weighted Error Value: White=0.06 (flawless) /Black=0.08 (flawless)} 1/2-1/2

[Event "CCT Airthings Masters Play-In 2023"]
[Site "Online"]
[Date "2023.02.03"]
[Round "3"]
[White "Nakamura, Hikaru"]
[Black "xxysoul6"]
[Result "0-1"]
[ECO "A47"]
[WhiteElo "2768"]
[BlackElo "2618"]
[Annotator "TA"]
[PlyCount "80"]
[EventDate "2023.02.03"]
[EventType "swiss"]
[EventCountry "NET"]
[SourceTitle "playchess.com"]
[Source "ChessBase"]
[SourceQuality "1"]
[TimeControl "600+2"]

1. d4 Nf6 2. Bg5 d5 3. e3 c5 4. Nd2 Nc6 5. c3 e6 6. Bd3 Be7 7. Ngf3 O-O 8. O-O b6 9. Re1 Bb7 10. dxc5 bxc5 11. e4 h6 12. Bh4 {[%emt 0:00:31] [#]} dxe4 $146 {[%emt 0:00:22] A47: 1 d4 Nf6 2 Nf3 b6: Torre, London and Colle Systems.} ({Predecessor:} 12... Qb6 13. e5 Nd7 14. Bg3 Rab8 15. Rb1 Ba6 16. Bc2 c4 17. b4 cxb3 18. axb3 Qc5 19. Re3 Rfc8 20. b4 Nxb4 {½-½ Deviatkin,A (2464)-Djordjevic,V (2414) Titled Tuesday intern op 4th Dec blitz 2018 (8)}) 13. Nxe4 Nxe4 14. Rxe4 Bxh4 {[%emt 0:00:22] Black is slightly better.} 15. Nxh4 f5 16. Ra4 Ne5 17. Bf1 (17. Ba6 $11 {keeps the balance.} Rb8 18. Qxd8 Rfxd8 19. Bxb7 Rxb7 20. b3) 17... Qf6 $1 $36 {[%emt 0:01:51][%mdl 2048] ...Bc6 would be deadly. White is under pressure.} 18. f4 ({Better is} 18. Qe2 $15) 18... Qxh4 19. fxe5 Qg5 20. Qe1 (20. h4 $17 Qe3+ 21. Kh1) 20... f4 $1 $19 {[%emt 0:00:33] Threatens to win with ...f3.} 21. Qf2 Rad8 (21... Qxe5 22. Be2 $15) (21... f3 $19 {is more deadly. ( -> ...fxg2)} 22. g3 Rad8) 22. Rxa7 $17 Rf7 23. h4 (23. Qxc5 $2 Bxg2 24. Rxf7 (24. Bxg2 $2 Rd2 $19) (24. h4 $2 Qg4 $19) 24... Ba8+ 25. Kf2 Kxf7 $19) 23... Qxe5 24. Re1 {[%emt 0:00:04] Dodges f3} (24. Bc4 $17 {is a better defense.}) 24... Qb8 $1 $19 25. Rxb7 (25. Qxc5 $2 f3 26. Rxb7 Rxb7 $19) 25... Rxb7 26. b3 Rbd7 (26... Re7 $142 27. Qxc5 Ree8) 27. Rxe6 $17 Rd2 (27... Rd1 $17 {aiming for ...Rc1.} 28. Re1 Kh8 29. Rxd1 Rxd1) 28. Re2 ({White should play} 28. Qf3 $1 $15) 28... Rxe2 29. Bxe2 {[%emt 0:00:00][%mdl 4096] Endgame [#] KQR-KQB} (29. Qxe2 $17 Kh8 30. Qe4) 29... Qe5 $1 $19 30. a4 g5 (30... Qxc3 31. Bc4+ Kh7 32. Qxf4 $17) ({Black should try} 30... Kf8 $19 {Hoping for ...Rd2.} 31. Kf1 Ke7) 31. hxg5 (31. Qf3 $17 {might work better.}) 31... hxg5 (31... Qxc3 32. Bc4+ Kh7 33. Qxf4 Rd1+ 34. Kh2 hxg5 35. Qf5+ (35. Qxg5 Qd4 $11) 35... Kh6 36. Qe6+ (36. Qxc5 Qf6 $11) 36... Kg7 37. Be2 $11 (37. Qe7+ Kh6 $11)) 32. Qf3 Kg7 {[%emt 0:00:02] Black is more active.} 33. a5 {[%emt 0:00:04] [#]} Rd2 $1 34. Kf2 (34. Bb5 {was necessary.}) 34... Ra2 35. a6 Qe6 {[%emt 0:00:02] ...g4 is the strong threat.} 36. Kf1 $2 (36. Ke1) 36... Ra1+ (36... Qxb3 37. Qe4 $11) 37. Kf2 Ra2 (37... Qxb3 38. Qc6 $11) 38. Kf1 c4 ({Inferior is} 38... Qxb3 39. Qe4 $11) 39. bxc4 Ra1+ (39... Rxa6 $2 {loses.} 40. Qd3 $19) ({Not} 39... Qxa6 40. Qd5 $15) 40. Kf2 Qb6+ {[%emt 0:00:02] An entertaining game by xxysoul6.   Weighted Error Value: White=0.77/Black=0.30} 0-1

[Event "CCT Airthings Masters Play-In 2023"]
[Site "Online"]
[Date "2023.02.03"]
[Round "3"]
[White "Radjabov, Teimour"]
[Black "BillieKimbah"]
[Result "1/2-1/2"]
[ECO "D35"]
[WhiteElo "2747"]
[BlackElo "2576"]
[Annotator "TA"]
[PlyCount "61"]
[EventDate "2023.02.03"]
[EventType "swiss"]
[EventCountry "NET"]
[SourceTitle "playchess.com"]
[Source "ChessBase"]
[SourceQuality "1"]
[TimeControl "600+2"]

1. d4 Nf6 2. c4 e6 3. Nf3 d5 4. Nc3 Nbd7 5. cxd5 exd5 6. Bf4 c6 7. e3 Nh5 8. Bg5 Be7 9. Bxe7 Qxe7 10. Qc2 g6 {[%emt 0:00:12] D35: Queen's Gambit Declined: Exchange Variation.} 11. h3 {[%emt 0:00:06] [#]} O-O $5 $146 {[%emt 0:00:16][%mdl 8] An interesting novelty.} ({Predecessor:} 11... Nb6 12. Be2 Bf5 13. Qb3 Nf6 14. a4 Be4 15. a5 Bxf3 16. Bxf3 Nc4 17. Be2 Nd6 18. a6 {1-0 Wojtaszek,R (2734)-Vovk,Y (2600) POL-chT Poland 2017 (9.1)}) 12. Be2 Re8 13. O-O-O a5 14. g4 Nhf6 15. g5 Ne4 16. Bd3 b5 17. h4 (17. Nxe4 $2 dxe4 18. Qxc6 Ba6 19. Qxe4 Qxe4 20. Bxe4 Rxe4 $19) 17... Bb7 {[%emt 0:00:05] [#]} (17... b4 $11 18. Na4 (18. Nxe4 $2 dxe4 19. Qxc6 Ra7 $19) 18... Ba6) 18. h5 $1 $16 Rac8 (18... Nxg5 $2 19. Nxg5 Qxg5 20. hxg6 hxg6 21. Rdg1 $18) (18... b4 $16 {was necessary.} 19. Nxe4 dxe4) 19. hxg6 $18 hxg6 (19... fxg6 $142 20. Bxe4 dxe4) 20. Rh6 c5 {[%emt 0:00:09] Hoping for ...cxd4.} (20... Nxg5 21. Bxg6 Nxf3 22. Qf5 $18) 21. Rdh1 (21. Nxb5 $2 cxd4 22. Nc7 Nf8 $19) 21... Nf8 {[%emt 0:00:02] And now ...cxd4 would win.} 22. Bxe4 $2 (22. Nxb5 $2 cxd4 $19) (22. Rh8+ Kg7) (22. Bxb5 $18 Red8 23. Rh8+ Kg7 24. Kb1) 22... dxe4 $11 23. Ne5 (23. Rh8+ $2 Kg7 24. d5 exf3 $19) 23... cxd4 {[%emt 0:02:56] [#]} 24. f4 dxc3 25. Qh2 {[%emt 0:00:50] Intending Rh8+ and mate.} cxb2+ {[%emt 0:00:02] The position is equal.} 26. Kxb2 Qb4+ 27. Ka1 {[%emt 0:00:02] White wants to mate with Rh8+. Some like it hot} Qc3+ 28. Kb1 $1 Qb4+ (28... Qxe3 $2 {leads to mate.} 29. Rh8+ Kg7 30. Qh6#) 29. Ka1 $1 {[%emt 0:00:01] Rh8+ would kill now.} Qc3+ 30. Kb1 $1 {[%emt 0:00:03] White threatens Rh8+ and mate.} Qb4+ (30... Qxe3 $2 {is a self mate.} 31. Rh8+ Kg7 32. Qh6#) 31. Ka1 $1 {[%emt 0:00:01] Weighted Error Value: White=0.19 (very precise) /Black=0.34} 1/2-1/2

[Event "CCT Airthings Masters Play-In 2023"]
[Site "Online"]
[Date "2023.02.03"]
[Round "3"]
[White "Dominguez Perez, Leinier"]
[Black "daro94"]
[Result "1-0"]
[ECO "C79"]
[WhiteElo "2743"]
[BlackElo "2574"]
[Annotator "NA"]
[PlyCount "97"]
[EventDate "2023.02.03"]
[EventType "swiss"]
[EventCountry "NET"]
[SourceTitle "playchess.com"]
[Source "ChessBase"]
[SourceQuality "1"]
[TimeControl "600+2"]

1. e4 e5 2. Nf3 Nc6 3. Bb5 a6 4. Ba4 d6 5. O-O Bd7 6. c3 g6 7. d4 Bg7 8. Re1 Nf6 9. h3 O-O 10. Bc2 Qe8 11. Nbd2 Nh5 12. Nc4 Kh8 13. Ne3 Nf4 14. Nd5 Ne6 15. dxe5 Nxe5 16. Nd4 Qd8 17. f4 Nc6 18. Nf3 f5 19. exf5 gxf5 20. Be3 Ne7 21. Nxe7 Qxe7 22. Bd4 Bxd4+ 23. Nxd4 Qf6 24. Bxf5 Rae8 25. Bxe6 Bxe6 26. Nxe6 Rxe6 27. Rxe6 Qxe6 28. Qd4+ Kg8 29. Rf1 c5 30. Qd2 d5 31. Re1 Qf5 32. Re5 Qxf4 33. Qxf4 Rxf4 34. Rxd5 c4 35. Rd8+ Kg7 36. Rd7+ Kg6 37. Rxb7 Rf6 38. Rb4 Rc6 39. Kf2 Kf5 40. Ke3 Re6+ 41. Kd4 Re4+ 42. Kc5 Re2 43. g4+ Kg5 44. Kxc4 Rh2 45. Kc5 Rxh3 46. Kb6 Rh4 47. Kxa6 Rxg4 48. Rxg4+ Kxg4 49. c4 1-0